 Dungeon Crawl Stone Soup version 0.20-a0-705-gbe8799e (webtiles) character file.

483 M4edhros the Ducker (level 7, -2/44 HPs)
             Began as a Kobold Chaos Knight on Feb 21, 2017.
             Shot with a bolt by a yaktaur captain (39 damage)
             ... on level 2 of the Dungeon.
             The game lasted 00:07:35 (15815 turns).

M4edhros the Ducker (Kobold Chaos Knight)          Turns: 15815, Time: 00:07:36

Health: -2/44      AC: 10    Str:  9    XL:     7   Next: 35%
Magic:  7/7        EV: 17    Int: 16    God:    Xom [*.....]
Gold:   245        SH:  0    Dex: 18    Spells: 6/6 levels left

rFire    + . .     SeeInvis .   a - +0 spear (chaos)
rCold    . . .     Gourm    .   b - +2 leather armour
rNeg     . . .     Faith    .   (shield restricted)
rPois    .         Spirit   .   (no helmet)
rElec    .         Reflect  .   (no cloak)
rCorr    .         Harm     .   (no gloves)
MR       +....     Clarity  +   (no boots)
Stlth    +.........             (no amulet)
Regen    0.2/turn               (no ring)
MPRegen  0.1/turn               (no ring)

@: drained
A: icy blue scales 1, slimy green scales 2, agile 1, carnivore 3, clarity,
clever 1, fire resistance 1, magic resistance 1, wild magic 1
a: Renounce Religion


You were on level 2 of the Dungeon.
You worshipped Xom.
You were a special plaything of Xom.
You were completely stuffed.

You visited 1 branch of the dungeon, and saw 4 of its levels.

You collected 245 gold pieces.

Inventory:

Hand Weapons
 a - a +0 spear of chaos (weapon)
 j - the +1 hunting sling of Forgiveness {chaos, Int+4}
   (Xom gifted it to you on level 1 of the Dungeon)

   Each projectile launched from it has a different, random effect.
   It affects your intelligence (+4).
Missiles
 i - 4 needles of sleeping
 l - 126 stones (quivered)
Armour
 b - a +2 leather armour (worn)
Jewellery
 p - an uncursed ring of wizardry {unknown}
Scrolls
 d - a scroll of recharging {unknown}
 f - 4 scrolls of identify {unknown}
 g - 4 scrolls of remove curse {unknown}
 h - a scroll of amnesia {unknown}
 k - 2 scrolls of blinking {unknown}
 n - a scroll of fog {unknown}
 o - a scroll of teleportation {unknown}
Potions
 e - a potion of might
 q - 2 potions of curing
Comestibles
 c - a meat ration
 m - 2 royal jellies


   Skills:
 + Level 5.0(4.8) Fighting
 + Level 3.5(3.3) Polearms
 * Level 3.7(3.5) Slings
 - Level 0.7(0.5) Armour
 + Level 5.0(4.8) Dodging


You had 6 spell levels left.
You didn't know any spells.

Dungeon Overview and Level Annotations

Branches:
Dungeon (4/15)
 Temple: D:4-7

Altars:
Xom


Innate Abilities, Weirdness & Mutations

You are small and have problems with some larger weapons.
You are carnivorous and can eat meat at any time.
You are partially covered in icy blue scales. (AC +2)
You are mostly covered in slimy green scales. (AC +3)
You are agile. (Dex +2)
You possess an exceptional clarity of mind.
Your mind is acute. (Int +2)
Your flesh is heat resistant. (rF+)
You are resistant to hostile enchantments. (MR+)
Your spells are a little harder to cast, but a little more powerful.


Message History

The porcupine bites you but does no damage.
You hit the porcupine but do no damage.
Lightning courses through the porcupine!
You kill the porcupine!
Your base Fighting skill increases to level 5!
Your base Dodging skill increases to level 5!
No target in view!
There is a stone staircase leading down here.
A yaktaur comes into view.
The yaktaur shouts!
The yaktaur wields an arbalest.
The yaktaur shoots a bolt.
The bolt misses you.
You see here a bolt.
A yaktaur captain comes into view.
The yaktaur captain shouts!
The yaktaur shoots a bolt.
The bolt closely misses you.
The yaktaur captain wields a glowing arbalest.
It bursts into flame!
The yaktaur captain shoots a bolt.
The bolt hits you!!!
Ouch! That really hurt!
You die...
Xom laughs nastily!

#.# ##.....##### ##.# #.#
#..c.......# #..# #.#
#..c.......# ########.8P
#.#####..........####..........
#.......................####...
#######.#..#............####...
#.#.##...................
#########.#.##............#######
#....##.....#...@.(>.............
#.##.##..[.....##(........#######
#.##.##........##.........#
#.##...........##.........#
#.########.......######.###
#.....................#.#
#..#######.....8........#########
#..#######.....................).
#..................##.........###


You could see a yaktaur captain and a yaktaur.

Vanquished Creatures
  A porcupine (shapeshifter) (D:2)
  A bullfrog (D:1)
  A scorpion (D:1)
  2 orc priests (D:3)
  A worker ant (D:2)
  The ghost of M4edhros the Skirmisher, a weakling MiBe of Trog (D:3)
  5 adders
  An adder skeleton (D:2)
  2 worms (D:2)
  7 dart slugs (D:1)
  2 leopard geckos
  2 orcs (D:3)
  2 bat zombies (D:2)
  5 giant cockroaches
  12 goblins
  10 hobgoblins
  11 jackals (D:1)
  2 ball pythons (D:2)
  A ball python zombie (D:2)
  13 bats
  7 frilled lizards
  10 kobolds
  A quokka skeleton (D:2)
  14 rats
114 creatures vanquished.

Notes
Turn   | Place    | Note
-------+----------+-------------------------------------------
     0 | D:1      | M4edhros the Kobold Chaos Knight began the quest for the Orb.
     0 | D:1      | Reached XP level 1. HP: 14/14 MP: 1/1
    30 | D:1      | Reached XP level 2. HP: 19/19 MP: 2/2
   233 | D:1      | XOM: divination: magic mapping
   384 | D:1      | XOM is BORED!
   384 | D:1      | XOM: harmless Hex miscast
   502 | D:1      | Reached XP level 3. HP: 23/23 MP: 3/3
   574 | D:1      | XOM: mild Pois miscast
   575 | D:1      | XOM: harmless Necr miscast
   605 | D:1      | XOM: harmless Summ miscast
   984 | D:1      | XOM: mild Pois miscast
  2381 | D:1      | XOM is BORED!
  2381 | D:1      | XOM: silly message
  2532 | D:1      | XOM: god gift: 4 needles of sleeping
  2594 | D:1      | XOM: god gift: ichor-stained hunting sling {god gift}
  2595 | D:1      | Got an ichor-stained hunting sling {god gift}
  2596 | D:1      | Identified the +1 hunting sling of Forgiveness {chaos, Int+4} (Xom gifted it to you on level 1 of the Dungeon)
  2767 | D:1      | XOM: give mutations
  2767 | D:1      | Gained mutation: Your mind is acute. (Int +2) [Xom's grace]
  2767 | D:1      | Gained mutation: You are partially covered in slimy green scales. (AC +2) [Xom's grace]
  2924 | D:1      | Reached XP level 4. HP: 27/29 MP: 4/4
  3764 | D:1      | XOM: divination: detect creatures
  3888 | D:1      | XOM: god gift: 22 stones
  3960 | D:1      | XOM is BORED!
  3960 | D:1      | XOM: draining
  4578 | D:1      | XOM: god gift: 49 gold pieces
  4891 | D:1      | XOM: 5-stop teleportation journey
  5380 | D:1      | Reached skill level 1 in Slings
  5563 | D:1      | XOM: mild Pois miscast
  6322 | D:1      | XOM: mild Pois miscast
  6333 | D:1      | XOM: give mutation
  6333 | D:1      | Gained mutation: You are weak. (Str -2) [Xom's mischief]
  6714 | D:1      | XOM: mild Pois miscast
  7053 | D:1      | XOM: give mutations
  7053 | D:1      | Lost mutation: You are weak. (Str -2) [Xom's mischief]
  7053 | D:1      | Gained mutation: Scrolls take you a little longer to read. [Xom's mischief]
  7053 | D:1      | Gained mutation: You are partially covered in icy blue scales. (AC +2) [Xom's mischief]
  7053 | D:1      | Gained mutation: You are clumsy. (Dex -2) [Xom's mischief]
  7810 | D:1      | Noticed a bullfrog
  7821 | D:1      | Killed a bullfrog
  7821 | D:1      | Reached XP level 5. HP: 11/33 MP: 5/5
  8144 | D:1      | Noticed a manticore
  8710 | D:2      | XOM: severe Summ miscast
  8711 | D:2      | Noticed a rust devil
  9417 | D:2      | XOM: harmless Fire miscast
  9440 | D:2      | XOM: polymorph ooze -> worker ant
  9447 | D:2      | Reached XP level 6. HP: 39/39 MP: 6/6
  9456 | D:2      | XOM: medium Summ miscast
  9457 | D:2      | Noticed a chaos spawn
  9763 | D:1      | XOM: mild Air miscast
 10178 | D:1      | XOM: confusion
 10190 | D:1      | XOM: smoke on damage
 10373 | D:1      | Noticed a fire dragon
 10610 | D:2      | XOM: draining
 11085 | D:2      | XOM: 10-stop teleportation journey
 12912 | D:2      | XOM: harmless Erth miscast
 13263 | D:2      | XOM: harmless Summ miscast
 13448 | D:2      | XOM: give mutations
 13448 | D:2      | Gained mutation: Your flesh is heat resistant. (rF+) [Xom's grace]
 13448 | D:2      | Gained mutation: Your spells are a little harder to cast, but a little more powerful. [Xom's grace]
 13843 | D:2      | Found a shimmering altar of Xom.
 14051 | D:2      | XOM: give mutations
 14051 | D:2      | Gained mutation: You are mostly covered in slimy green scales. (AC +3) [Xom's grace]
 14051 | D:2      | Gained mutation: You are resistant to hostile enchantments. (MR+) [Xom's grace]
 14051 | D:2      | Gained mutation: Your mind is very acute. (Int +4) [Xom's grace]
 14784 | D:2      | You fall through a shaft for 2 floors!
 14854 | D:3      | Noticed M4edhros's ghost (weakling MiBe)
 14854 | D:3      | XOM: 2-stop teleportation journey
 14857 | D:3      | XOM: swap monsters
 14860 | D:3      | Lost mutation: Your mind is very acute. (Int +4) [potion of mutation]
 14860 | D:3      | Lost mutation: You are clumsy. (Dex -2) [potion of mutation]
 14860 | D:3      | Lost mutation: Scrolls take you a little longer to read. [potion of mutation]
 14860 | D:3      | Gained mutation: You possess an exceptional clarity of mind. [potion of mutation]
 14874 | D:3      | Killed M4edhros's ghost
 14874 | D:3      | Reached XP level 7. HP: 26/44 MP: 7/7
 15013 | D:3      | XOM: medium Tmut miscast
 15027 | D:3      | XOM: 5-stop teleportation journey
 15621 | D:2      | XOM: give mutation
 15621 | D:2      | Gained mutation: You are agile. (Dex +2) [Xom's mischief]
 15739 | D:2      | XOM: harmless Summ miscast
 15760 | D:2      | Noticed a frost giant
 15768 | D:3      | XOM: 9-stop teleportation journey
 15789 | D:2      | XOM: polymorph dart slug -> adder
 15808 | D:2      | XOM: noise
 15809 | D:2      | Reached skill level 5 in Fighting
 15809 | D:2      | Reached skill level 5 in Dodging
 15813 | D:2      | Noticed a yaktaur
 15815 | D:2      | Noticed a yaktaur captain
 15815 | D:2      | Shot with a bolt by a yaktaur captain

Vault maps used:
D:1:      lightli_molten_gateway
D:2:      tgw_xom, first_bread, serial_undead, serial_undead_c, serial_undead_a,
          serial_undead_c, serial_undead_c
D:3:      grunt_decor_clamped
D:4:      cheibriados_altar_1, minivault_5, minmay_misc_feat_secret_circle

Skill      XL: |  1  2  3  4  5  6  7 |
---------------+----------------------+-----
Dodging        | 3 4 5 |  5.0
Polearms       | 3 |  3.5
Slings         | 1 2 3 |  3.7
Fighting       | 4 5 |  5.0
Armour         | |  0.7

Action                   |  1- 3 |  4- 6 |  7- 9 || total
-------------------------+-------+-------+-------++-------
Melee: Spear             |   119 |   267 |    32 ||   418
       Hunting sling     |     1 |       |       ||     1
 Fire: Hunting sling     |     6 |    27 |       ||    33
  Use: Potion            |       |     5 |       ||     5
 Stab: Paralysed         |     3 |     5 |       ||     8
       Petrified         |     1 |     5 |       ||     6
       Petrifying        |     1 |     2 |       ||     3
       Confused          |       |     2 |     3 ||     5
       Distracted        |       |     1 |       ||     1
  Eat: Chunk             |    14 |    27 |    13 ||    54
Armor: Leather armour    |    34 |    92 |     6 ||   132
Dodge: Dodged            |    87 |   198 |    19 ||   304
